 Seeded DCSS version 0.27.1-2-g3b301248ec (webtiles) character file.

Game seed: 14551798346683263451 (custom seed)

44 babuloseo the Poker (level 3, -8/28 HPs)
             Began as a Human Gladiator on Sept 30, 2021.
             Was a Follower of Qazlal.
             Mangled by Crazy Yiuf (19 damage)
             ... on level 2 of the Dungeon.
             The game lasted 00:02:22 (1357 turns).

babuloseo the Poker (Human Gladiator)               Turns: 1357, Time: 00:02:22

Health: -8/28      AC:  4    Str: 15    XL:     3   Next: 87%
Magic:  3/3        EV: 12    Int:  8    God:    Qazlal [*.....]
Gold:   61         SH:  1    Dex: 14    Spells: 2/2 levels left

rFire    . . .     SeeInvis .   d - +1 demon trident (elec)
rCold    . . .     Faith    .   (no shield)
rNeg     . . .     Spirit   .   b - +0 leather armour
rPois    .         Reflect  .   c - +0 helmet
rElec    .         Harm     .   (no cloak)
rCorr    .         Rampage  .   (no gloves)
Will     .....                  (no boots)
Stlth    +.........             (no amulet)
HPRegen  0.09/turn              (no ring)
MPRegen  0.08/turn              (no ring)

@: no status effects
A: no striking features
a: Renounce Religion


You were on level 2 of the Dungeon.
You worshipped Qazlal.
Qazlal was aware of your devotion.
You visited 1 branch of the dungeon, and saw 3 of its levels.

You collected 61 gold pieces.

Inventory:

Hand Weapons
 a - a +0 trident
 d - a +1 demon trident of electrocution (weapon)
 f - a +2 dagger of venom
Missiles
 h - 8 javelins (quivered)
Armour
 b - a +0 leather armour (worn)
 c - a +0 helmet (worn)
 i - a +0 ring mail
Scrolls
 e - a scroll of magic mapping {unknown}
 j - a scroll of identify {unknown}
 l - a scroll of enchant armour {unknown}
Potions
 g - a potion of ambrosia {unknown}
 k - a potion of brilliance {unknown}


   Skills:
 + Level 2.4 Fighting
 * Level 3.6 Polearms
 + Level 2.3 Throwing
 + Level 3.3 Dodging


You had 2 spell levels left.
You didn't know any spells.
Your spell library contained the following spells:

 Spells                   Type           Power      Damage    Failure   Level
 Magic Dart               Conj           0%         1d3       47%         1
 Call Imp                 Summ           0%         N/A       63%         2
 Searing Ray              Conj           0%         3d3       63%         2
 Mephitic Cloud           Conj/Pois/Air  0%         N/A       85%         3
 Fulminant Prism          Conj/Hex       0%         3d6       99%         4


Dungeon Overview and Level Annotations

Branches:
Dungeon (3/15)

Altars:
Qazlal

Annotations:
D:2 Crazy Yiuf


Message History

This is a scroll of acquirement!
Something appears at your feet!
You see here a +1 demon trident of electrocution.
d - a +1 demon trident of electrocution Your +2 dagger of venom stops dripping with poison.
You hear the crackle of electricity.
d - a +1 demon trident of electrocution (weapon)
No target in view!
HP restored.
You see here 14 stones.
You pick up a book of Minor Magic and begin reading...
You add the spells Call Imp and Mephitic Cloud to your library.
No target in view!
k - a smoky grey potion No target in view!
There is an open door here.
There is an open door here.
Things that are here:
a hobgoblin corpse; a hobgoblin corpse
Found 11 gold pieces.
No target in view!
Found 28 arrows.
No target in view!
No target in view!
Found a scroll labelled KUSAFU GAUD.
No target in view!
You now have 61 gold pieces (gained 11).
l - a scroll labelled KUSAFU GAUD No target in view!
No target in view!
Found a mace.
Found a runed translucent door.
Crazy Yiuf shouts!
As you open the door, it creaks loudly!
Crazy Yiuf flaps his cloak.
You closely miss Crazy Yiuf.
Crazy Yiuf hits you with a +3 quarterstaff of chaos!
Ouch! That really hurt!
You are electrocuted!!
Ouch! That really hurt!
You die...

#.##.##.......# #.# #
#.##.##.#.#.### #.#
#.##.##.##.....# #.#
#.....########## #.# ####.##
#.###### #.## ##.......
#######..# ### ♣♣##.(.####.
.......)## #)..#♣♣ ♣♣.+..#......
......#.# #...g@♣♣♣♣.......##...
#.#.#.#)# #...#♣..♣.♣......##.#.
........# ### ♣♣♣.♣..+.#.....#.
.....>#.# ♣♣♣♣♣###.......
....†.#.## #....... .........##
##### #.###### .#$.....#.# #...#
#.## ###
##...###.#####...########..#....
#....#...................#(..##


You could see Crazy Yiuf.

Vanquished Creatures
  An adder (D:2)
  A dart slug (D:1)
  2 endoplasms (D:1)
  A giant cockroach (D:1)
  4 goblins
  8 hobgoblins
  3 kobolds
  3 ball pythons (D:2)
  2 bats
  2 frilled lizards (D:1)
  3 rats (D:2)
30 creatures vanquished.

Notes
Turn   | Place    | Note
-------+----------+-------------------------------------------
     0 | D:1      | babuloseo the Human Gladiator began the quest for the Orb.
     0 | D:1      | Reached XP level 1. HP: 16/16 MP: 1/1
     9 | D:2      | Found a stormy altar of Qazlal.
    16 | D:2      | Reached XP level 2. HP: 21/22 MP: 2/2
    22 | D:2      | Became a worshipper of Qazlal Stormbringer
   437 | D:1      | Reached XP level 3. HP: 25/27 MP: 3/3
  1256 | D:2      | Reached * piety under Qazlal
  1275 | D:2      | Identified a scroll of acquirement
  1275 | D:2      | Acquired a +1 demon trident of electrocution
  1352 | D:2      | Found a runed translucent door.
  1353 | D:2      | Noticed Crazy Yiuf
  1357 | D:2      | Mangled by Crazy Yiuf

Illustrated notes

Levels and vault maps discovered:
D:1:      lemuel_arrival_river_bridge, layout_rooms
D:2:      layout_loops_cross, basic_altar, serial_shops, shop,
          minmay_goblin_kobold_house, uniq_crazy_yiuf_cottage, uniq_robin
D:3:      layout_basic, grunt_gozag_breadcrumbs,
          hellmonk_ecumenical_altar_heavens_door

Action                   || total
-------------------------++-------
Melee: Trident           ||    37
       Dagger            ||    44
       Demon trident     ||     1
Throw: Throwing net      ||     4
  Use: Scroll            ||     1
 Stab: Held in net/web   ||     1
       Sleeping          ||     1
Armor: Leather armour    ||    16
Dodge: Dodged            ||    45
